AoeStats
← Oxplease

Arabia

509378953Analyzed
2v2 RM · 5d ago on Sep 26, 2026· 33m 46s· 4 players
Game mode
Random Map
Map size
Medium (4 player)
Population
200
Speed
Normal
Resources
Standard
Victory
Conquest
Starting age
Dark Age
Ending age
Imperial Age
RankedLock teamsTeams togetherTeam positionsShared explorationLock speedFull tech treeHidden civsTurbo modeCheats
Victory
Defeat
🇷🇺 Franks · Russia
1107
+16
🇧🇷 Sicilians · Brazil
1097
+48
🇭🇺 Burgundians · Hungary
1152
-18
🇫🇷 Dravidians · France
1080
-15
Leo Javier
6:50 Loom
9:24 Feudal Age
10:00 Double-Bit Axe
15:52 Scale Mail Armor
24:43 Castle Age
23:31 Forging
24:21 Bloodlines
24:20 Scale Barding Armor
24:18 Gold Mining
25:53 Chain Mail Armor
25:46 Squires
27:00 Bow Saw
27:19 Pikeman
31:55 Chain Barding Armor
dreadmasta
10:05 Feudal Age
12:40 Loom
18:35 Castle Age
16:51 Double-Bit Axe
19:06 Forging
19:03 Scale Barding Armor
27:24 Iron Casting
27:38 Husbandry
29:03 Gold Mining
30:26 Wheelbarrow
29:37 Town Watch
30:21 Chain Barding Armor
36:45 Imperial Age
Oxplease
0:26 Loom
10:51 Feudal Age
11:42 Man-at-Arms
15:03 Arson
Gaborovics
6:35 Loom
6:39 Loom
8:07 Double-Bit Axe
8:12 Horse Collar
11:05 Feudal Age
12:01 Bow Saw
17:43 Heavy Plow
19:01 Wheelbarrow
23:03 Castle Age
21:49 Gold Mining
22:10 Scale Barding Armor
23:40 Forging
23:16 Cavalier
23:57 Husbandry
30:31 Two-Man Saw
30:55 Gold Shaft Mining
Connection lost

Rejoining the realm…

Still unreachable

The connection could not be restored.

Session expired

The server has moved on; the page needs a fresh start.